[Event "Nino Khurtsidze Memorial 2019"]
[Site "Vani"]
[Date "2019.09.18"]
[Round "7.2"]
[White "Zhukova, Natalia"]
[Black "Dzagnidze, Nana"]
[Result "0-1"]
[ECO "A13"]
[WhiteElo "2333"]
[BlackElo "2502"]
[Annotator "ChessBase"]
[PlyCount "51"]
[EventDate "2019.09.17"]
[EventType "tourn"]
[EventCountry "GEO"]
[SourceTitle "playchess.com"]
[Source "ChessBase"]
[SourceQuality "1"]
[TimeControl "900+10"]

1. c4 e6 2. Nc3 f5 3. Nf3 Nf6 4. d4 b6 5. a3 Bb7 6. d5 Bd6 7. g3 O-O 8. Bg2 Na6 9. b4 c5 10. Nb5 Bb8 11. d6 cxb4 12. O-O b3 13. Qxb3 Nc5 14. Qb4 a6 15. Nc7 Bxc7 16. dxc7 Qxc7 17. Rb1 Bxf3 18. Bxf3 Rab8 19. Rd1 d6 20. Bg2 h6 21. Bb2 Nfe4 22. Ba1 Qe7 23. Qb2 e5 24. Qc2 Qe6 25. Rd5 Kh8 26. Rbd1 0-1

[Event "Nino Khurtsidze Memorial 2019"]
[Site "Vani"]
[Date "2019.09.18"]
[Round "7.3"]
[White "Arabidze, Meri"]
[Black "Javakhishvili, Lela"]
[Result "1/2-1/2"]
[ECO "E15"]
[WhiteElo "2398"]
[BlackElo "2458"]
[Annotator "ChessBase"]
[PlyCount "90"]
[EventDate "2019.09.17"]
[EventType "tourn"]
[EventCountry "GEO"]
[SourceTitle "playchess.com"]
[Source "ChessBase"]
[SourceQuality "1"]
[TimeControl "900+10"]

1. d4 Nf6 2. c4 e6 3. Nf3 b6 4. g3 Ba6 5. Qa4 Bb7 6. Bg2 c5 7. dxc5 bxc5 8. O-O Be7 9. Nc3 O-O 10. Bf4 Nc6 11. Rfd1 Qb6 12. Qb5 Na5 13. Na4 Qxb5 14. cxb5 d5 15. b3 a6 16. b6 Nd7 17. Ne5 Nxe5 18. Bxe5 Bc6 19. Rdc1 Nb7 20. Nb2 Rfc8 21. Nd3 Bb5 22. a4 Bxd3 23. exd3 a5 24. d4 Rc6 25. dxc5 Bxc5 26. Bc7 Ra6 27. Bf1 Raxb6 28. Bxb6 Rxb6 29. Bb5 Kf8 30. Rc2 Ke7 31. Rac1 Bd6 32. Rc8 Kf6 33. Kg2 Bb4 34. Rb8 Bd6 35. Ra8 Bb4 36. Rb8 Bd6 37. Rbc8 Bb4 38. R1c7 Nd6 39. Rf8 Ke5 40. Ra8 Rb7 41. Rxb7 Nxb7 42. Rg8 Kf6 43. Rc8 Nd6 44. Rc7 g5 45. Kf3 Ke5 {Ke4+} 1/2-1/2

[Event "Nino Khurtsidze Memorial 2019"]
[Site "Vani"]
[Date "2019.09.18"]
[Round "7.4"]
[White "Batsiashvili, Nino"]
[Black "Lomineishvili, Maia"]
[Result "1-0"]
[ECO "A16"]
[WhiteElo "2415"]
[BlackElo "2342"]
[Annotator "NA"]
[PlyCount "77"]
[EventDate "2019.09.17"]
[EventType "tourn"]
[EventCountry "GEO"]
[SourceTitle "playchess.com"]
[Source "ChessBase"]
[SourceQuality "1"]
[TimeControl "900+10"]

1. c4 Nf6 2. Nc3 b6 3. d4 Bb7 4. f3 d5 5. cxd5 Nxd5 6. e4 Nxc3 7. bxc3 e6 8. Be3 Be7 9. Bd3 Bh4+ 10. g3 Bg5 11. f4 Be7 12. Nf3 Nd7 13. e5 h5 14. h4 c5 15. O-O Rc8 16. f5 exf5 17. Bxf5 Rc7 18. d5 Nxe5 19. Nxe5 Qxd5 20. Qxd5 Bxd5 21. Rad1 Be6 22. Bxe6 fxe6 23. Ng6 Rg8 24. Nxe7 Rxe7 25. Bg5 Rd7 26. Rxd7 Kxd7 27. Rf7+ Kc6 28. Rxa7 b5 29. Kf2 Kd5 30. Ke2 Kc4 31. Be3 Kxc3 32. Bxc5 g5 33. a3 gxh4 34. gxh4 Rg4 35. Be7 e5 36. Ke3 Rg1 37. Rc7+ Kb3 38. Rc5 Rg3+ 39. Ke4 1-0

[Event "Nino Khurtsidze Memorial 2019"]
[Site "Vani"]
[Date "2019.09.18"]
[Round "7.5"]
[White "Khotenashvili, Bela"]
[Black "Kachiani-Gersinska, Ketino"]
[Result "1/2-1/2"]
[ECO "D00"]
[WhiteElo "2453"]
[BlackElo "2317"]
[Annotator "ChessBase"]
[PlyCount "153"]
[EventDate "2019.09.17"]
[EventType "tourn"]
[EventCountry "GEO"]
[SourceTitle "playchess.com"]
[Source "ChessBase"]
[SourceQuality "1"]
[TimeControl "900+10"]

1. d4 d5 2. Bf4 Nf6 3. e3 c5 4. dxc5 Qa5+ 5. Nd2 Qxc5 6. c4 Nc6 7. a3 Bg4 8. Qa4 dxc4 9. Bxc4 Rd8 10. b4 Qh5 11. Ngf3 a6 12. O-O Bd7 13. Qb3 e6 14. Be2 Qd5 15. Qb2 Qf5 16. Nc4 Bc8 17. Nh4 Qe4 18. f3 Qd5 19. Rad1 Qh5 20. Rxd8+ Nxd8 21. Bg3 Be7 22. Nb6 Bd7 23. Nxd7 Nxd7 24. Qxg7 Bf6 25. Qg4 Qxg4 26. fxg4 Bb2 27. a4 Nc6 28. b5 axb5 29. axb5 Nce5 30. Rb1 Ba3 31. Ra1 Be7 32. Ra8+ Bd8 33. h3 O-O 34. Nf3 Bc7 35. Rxf8+ Kxf8 36. Nxe5 Bxe5 37. Bf4 b6 38. Kf2 Kg7 39. g3 h6 40. Kf3 Bc3 41. Bd6 Be5 42. Be7 Bc3 43. h4 Ne5+ 44. Ke4 Nd7 45. Bd6 Kf6 46. Bc7 Nc5+ 47. Kf3 Nd7 48. Bd8+ Kg7 49. Be7 f6 50. Ke4 Kf7 51. Bd6 Bb2 52. Bf4 Nc5+ 53. Kf3 Kg7 54. Bc7 Nd7 55. Kf2 Be5 56. Bxe5 Nxe5 57. Ke1 Kf7 58. Kd2 Ke7 59. Kc3 Kd6 60. Kd4 Nd7 61. Ke4 Ne5 62. Kf4 Ng6+ 63. Ke4 Ne5 64. Bd1 Ng6 65. Bc2 Ne7 66. Bd3 Ng6 67. Bc2 Ne7 68. Kd4 Nd5 69. Bd3 Ne7 70. Be4 Kd7 71. Bc2 Kd6 72. Bb3 Ng6 73. Bc2 Ne5 74. Bd1 Nd7 75. Ke4 Nc5+ 76. Kd4 Nd7 77. Ke4 {Ke5+} 1/2-1/2

[Event "Nino Khurtsidze Memorial 2019"]
[Site "Vani"]
[Date "2019.09.18"]
[Round "8.1"]
[White "Mamedjarova, Zeinab"]
[Black "Kachiani-Gersinska, Ketino"]
[Result "1-0"]
[ECO "A48"]
[WhiteElo "2300"]
[BlackElo "2317"]
[Annotator "NA"]
[PlyCount "99"]
[EventDate "2019.09.17"]
[EventType "tourn"]
[EventCountry "GEO"]
[SourceTitle "playchess.com"]
[Source "ChessBase"]
[SourceQuality "1"]
[TimeControl "900+10"]

1. d4 Nf6 2. Nf3 g6 3. c4 Bg7 4. Nc3 O-O 5. e3 d6 6. Be2 c5 7. O-O Nc6 8. h3 cxd4 9. exd4 d5 10. Bg5 Be6 11. c5 Ne4 12. Bf4 a6 13. Na4 g5 14. Bh2 f5 15. Nb6 g4 16. Ne5 g3 17. Bxg3 Nxg3 18. Nxc6 bxc6 19. fxg3 Rb8 20. Bxa6 Rxb6 21. cxb6 Qxb6 22. Qe2 Bxd4+ 23. Kh2 Bf7 24. Rxf5 Qxb2 25. Qxb2 Bxb2 26. Raf1 Bf6 27. Bb7 Be6 28. R5f3 c5 29. Re1 Bf7 30. Rf5 Rd8 31. a4 Rd7 32. Rb1 Bc3 33. Rb5 e6 34. Rg5+ Bg6 35. Bc8 Rd6 36. Rxc5 d4 37. Bb7 Kf7 38. a5 Bd3 39. Bf3 Kf6 40. Rg8 Ba6 41. Rf8+ Ke7 42. Rh8 Bd3 43. Rc7+ Kf6 44. Rf8+ Kg6 45. Ra8 e5 46. Rc6 Rxc6 47. Bxc6 e4 48. a6 Bxa6 49. Bxe4+ Kf6 50. Rxa6+ 1-0

[Event "Nino Khurtsidze Memorial 2019"]
[Site "Vani"]
[Date "2019.09.18"]
[Round "8.2"]
[White "Lomineishvili, Maia"]
[Black "Khotenashvili, Bela"]
[Result "1-0"]
[ECO "A45"]
[WhiteElo "2342"]
[BlackElo "2453"]
[Annotator "ChessBase"]
[PlyCount "73"]
[EventDate "2019.09.17"]
[EventType "tourn"]
[EventCountry "GEO"]
[SourceTitle "playchess.com"]
[Source "ChessBase"]
[SourceQuality "1"]
[TimeControl "900+10"]

1. d4 Nf6 2. Nc3 d5 3. Bf4 g6 4. Qd2 Bg7 5. Bh6 Bxh6 6. Qxh6 c5 7. Nf3 cxd4 8. Nxd4 e5 9. Nb3 d4 10. O-O-O Qe7 11. Nb5 Ng4 12. Qg7 Rf8 13. N3xd4 Nxf2 14. Nf5 gxf5 15. Nd6+ Kd7 16. Nxf5+ Nxd1 17. Nxe7 Kxe7 18. Qxe5+ Be6 19. Qc5+ Ke8 20. e4 Nd7 21. Bb5 Nxb2 22. Kxb2 a6 23. Bxd7+ Bxd7 24. Rd1 Rc8 25. Qd6 Be6 26. Rd3 Rg8 27. Rg3 Rxg3 28. Qxg3 Rc5 29. Qg8+ Kd7 30. Qxh7 Rb5+ 31. Kc3 Bxa2 32. h4 Be6 33. h5 Rg5 34. h6 Rxg2 35. Qh8 f5 36. Qd4+ Kc6 37. h7 1-0

[Event "Nino Khurtsidze Memorial 2019"]
[Site "Vani"]
[Date "2019.09.18"]
[Round "8.3"]
[White "Javakhishvili, Lela"]
[Black "Batsiashvili, Nino"]
[Result "1/2-1/2"]
[ECO "E15"]
[WhiteElo "2458"]
[BlackElo "2415"]
[Annotator "ChessBase"]
[PlyCount "115"]
[EventDate "2019.09.17"]
[EventType "tourn"]
[EventCountry "GEO"]
[SourceTitle "playchess.com"]
[Source "ChessBase"]
[SourceQuality "1"]
[TimeControl "900+10"]

1. d4 Nf6 2. c4 e6 3. Nf3 b6 4. g3 Bb4+ 5. Nbd2 O-O 6. Bg2 d5 7. O-O Bd6 8. Ne5 Bb7 9. cxd5 exd5 10. Ndc4 Be7 11. Ne3 g6 12. b3 Nbd7 13. Bb2 Ne4 14. Qc2 Nxe5 15. dxe5 f5 16. exf6 Bxf6 17. Rad1 Bxb2 18. Bxe4 Be5 19. Bxd5+ Bxd5 20. Rxd5 Qe7 21. Qc4 Kh8 22. Rfd1 Bd6 23. Qd4+ Kg8 24. Ng4 Qg7 25. Qxg7+ Kxg7 26. e4 h5 27. e5 hxg4 28. exd6 c5 29. Rg5 Rad8 30. Rxg4 Rf6 31. Re4 Rfxd6 32. Rxd6 Rxd6 33. Re7+ Kf6 34. Rxa7 Ke5 35. h4 Ke4 36. Kg2 b5 37. Rc7 Kd4 38. Kf3 c4 39. Ke2 Ra6 40. Rd7+ Kc3 41. Rd2 Re6+ 42. Kd1 cxb3 43. axb3 Kxb3 44. f4 b4 45. Rf2 Re3 46. g4 Rh3 47. h5 gxh5 48. g5 Rg3 49. f5 Rxg5 50. f6 Rg8 51. f7 Rf8 52. Rf3+ Kc4 53. Rf4+ Kc5 54. Rf5+ Kd4 55. Kc2 h4 56. Rf4+ Ke5 57. Rxh4 Rxf7 58. Rxb4 1/2-1/2

[Event "Nino Khurtsidze Memorial 2019"]
[Site "Vani"]
[Date "2019.09.18"]
[Round "8.4"]
[White "Dzagnidze, Nana"]
[Black "Arabidze, Meri"]
[Result "0-1"]
[ECO "A13"]
[WhiteElo "2502"]
[BlackElo "2398"]
[Annotator "ChessBase"]
[PlyCount "178"]
[EventDate "2019.09.17"]
[EventType "tourn"]
[EventCountry "GEO"]
[SourceTitle "playchess.com"]
[Source "ChessBase"]
[SourceQuality "1"]
[TimeControl "900+10"]

1. c4 e6 2. Nf3 d5 3. e3 Nf6 4. Nc3 c5 5. cxd5 exd5 6. d4 Nc6 7. Bb5 cxd4 8. exd4 Bd6 9. O-O O-O 10. Bg5 h6 11. Bxf6 Qxf6 12. Nxd5 Qf5 13. Bxc6 bxc6 14. Ne3 Qf4 15. Qc1 Ba6 16. Nc4 Rfe8 17. Nxd6 Qxd6 18. Re1 Be2 19. Ne5 Qxd4 20. Nxc6 Qd6 21. Qc3 Rac8 22. Rac1 Kh8 23. Qc2 Bd3 24. Rxe8+ Rxe8 25. Qd1 Qg6 26. Nd4 Be4 27. f3 Bb7 28. Qb3 Qg5 29. Rd1 Bd5 30. Qc3 Kg8 31. b3 h5 32. Qd2 Qe5 33. Nc2 Be6 34. Qd4 Qa5 35. Qb2 h4 36. Nd4 h3 37. Nxe6 Rxe6 38. gxh3 Rg6+ 39. Kh1 Qf5 40. Qf2 Qxh3 41. Rd8+ Kh7 42. Rd4 Qc8 43. Qh4+ Rh6 44. Qe4+ f5 45. Qf4 Qc2 46. Qd2 Qb1+ 47. Qd1 Qxa2 48. Rd2 Qa6 49. Qb1 Qb5 50. Qd3 Qe5 51. Qb1 Qf4 52. Qd3 Qe5 53. Qb1 a6 54. Qf1 Qe3 55. Rd3 Qf4 56. Qe2 Rg6 57. Qf1 Rc6 58. Qe2 Rc1+ 59. Rd1 Rc3 60. Rd3 Qc1+ 61. Rd1 Qe3 62. Qxe3 Rxe3 63. b4 Rxf3 64. Ra1 Rb3 65. Rxa6 Rxb4 66. Kg2 Rb3 67. Rc6 g6 68. Rf6 Kg7 69. Ra6 Kh6 70. Rc6 Kh5 71. Rf6 Kg5 72. Rc6 Ra3 73. Rb6 Ra2+ 74. Kg3 f4+ 75. Kh3 Ra3+ 76. Kg2 Kh5 77. Rb2 g5 78. Rb8 Kg4 79. Rb2 Kh4 80. Rb4 Ra2+ 81. Kg1 Kg4 82. Rb3 Re2 83. Ra3 Kh4 84. Ra4 Kh3 85. Ra5 Rg2+ 86. Kf1 Kxh2 87. Rf5 Rg3 88. Kf2 Kh3 89. Ra5 Kg4 0-1

[Event "Nino Khurtsidze Memorial 2019"]
[Site "Vani"]
[Date "2019.09.18"]
[Round "8.5"]
[White "Melia, Salome"]
[Black "Zhukova, Natalia"]
[Result "1/2-1/2"]
[ECO "C08"]
[WhiteElo "2376"]
[BlackElo "2333"]
[Annotator "NA"]
[PlyCount "31"]
[EventDate "2019.09.17"]
[EventType "tourn"]
[EventCountry "GEO"]
[SourceTitle "playchess.com"]
[Source "ChessBase"]
[SourceQuality "1"]
[TimeControl "900+10"]

1. e4 e6 2. d4 d5 3. Nd2 c5 4. exd5 exd5 5. Bb5+ Nc6 6. Ngf3 Qe7+ 7. Kf1 Qc7 8. Qe2+ Be7 9. dxc5 Nf6 10. Nb3 O-O 11. h3 Ne4 12. Be3 Bf6 13. c3 Ne7 14. g3 Nf5 15. Bf4 Qe7 16. Kg2 1/2-1/2

[Event "Nino Khurtsidze Memorial 2019"]
[Site "Vani"]
[Date "2019.09.18"]
[Round "9.1"]
[White "Zhukova, Natalia"]
[Black "Mamedjarova, Zeinab"]
[Result "1-0"]
[ECO "D26"]
[WhiteElo "2333"]
[BlackElo "2300"]
[Annotator "NA"]
[PlyCount "143"]
[EventDate "2019.09.17"]
[EventType "tourn"]
[EventCountry "GEO"]
[SourceTitle "playchess.com"]
[Source "ChessBase"]
[SourceQuality "1"]
[TimeControl "900+10"]

1. c4 e6 2. Nf3 d5 3. e3 c5 4. d4 dxc4 5. Bxc4 Nf6 6. O-O Nc6 7. Qe2 a6 8. Rd1 Qc7 9. a3 b5 10. Ba2 Bb7 11. Nbd2 Rd8 12. dxc5 Bxc5 13. b4 Ba7 14. Bb2 O-O 15. Rac1 Qe7 16. Bb1 h6 17. Nb3 Rxd1+ 18. Qxd1 Rd8 19. Qe2 Nb8 20. Ne5 Bb6 21. Nc5 Bxc5 22. bxc5 Nc6 23. Nxc6 Bxc6 24. Be5 Ne4 25. Bxe4 Bxe4 26. Bd6 Qg5 27. f3 Bc6 28. Rd1 Rd7 29. e4 Qd8 30. Rc1 Qa5 31. Qe3 Kh7 32. h4 b4 33. axb4 Qxb4 34. Qd3 Bb5 35. Qc2 a5 36. e5+ Kg8 37. c6 Qd4+ 38. Qf2 Qf4 39. Rc5 Bxc6 40. Rxc6 Rb7 41. g3 Rb1+ 42. Kg2 Qf5 43. Rc8+ Kh7 44. Qc2 Qxc2+ 45. Rxc2 Ra1 46. Rc7 Kg6 47. h5+ Kxh5 48. Rxf7 Kg6 49. Re7 a4 50. Ra7 h5 51. Kf2 Kf5 52. Ke3 g5 53. Kd3 Rf1 54. Rf7+ Kg6 55. Rf6+ Kg7 56. Ke2 Ra1 57. Rxe6 a3 58. Re7+ Kg6 59. Re6+ Kf7 60. Rf6+ Kg7 61. Bf8+ Kg8 62. Bxa3 Ra2+ 63. Ke3 Rxa3+ 64. Ke4 Kg7 65. Rb6 h4 66. gxh4 gxh4 67. f4 h3 68. Rb2 Rg3 69. Rh2 Kg6 70. Rh1 Kh5 71. Kf5 Rg8 72. Rxh3# 1-0

[Event "Nino Khurtsidze Memorial 2019"]
[Site "Vani"]
[Date "2019.09.18"]
[Round "9.2"]
[White "Arabidze, Meri"]
[Black "Melia, Salome"]
[Result "0-1"]
[ECO "A06"]
[WhiteElo "2398"]
[BlackElo "2376"]
[Annotator "NA"]
[PlyCount "60"]
[EventDate "2019.09.17"]
[EventType "tourn"]
[EventCountry "GEO"]
[SourceTitle "playchess.com"]
[Source "ChessBase"]
[SourceQuality "1"]
[TimeControl "900+10"]

1. Nf3 d5 2. e3 g6 3. c4 e6 4. d4 Bg7 5. Be2 Ne7 6. Nc3 O-O 7. O-O b6 8. cxd5 exd5 9. b3 c6 10. Ba3 Re8 11. Rc1 Nf5 12. Bd3 Nd6 13. Qc2 Bf5 14. Bxf5 Nxf5 15. Rfd1 Nd7 16. e4 dxe4 17. Nxe4 Nf6 18. Nxf6+ Qxf6 19. Qxc6 Qxc6 20. Rxc6 Nxd4 21. Nxd4 Bxd4 22. Kf1 Rad8 23. Rc7 b5 24. Be7 Rd5 25. Bf6 Bc3 26. Rc1 Bxf6 27. Rxa7 Rd2 28. Re1 Rxe1+ 29. Kxe1 Bc3 30. Rc7 b4 0-1

[Event "Nino Khurtsidze Memorial 2019"]
[Site "Vani"]
[Date "2019.09.18"]
[Round "9.3"]
[White "Batsiashvili, Nino"]
[Black "Dzagnidze, Nana"]
[Result "0-1"]
[ECO "A91"]
[WhiteElo "2415"]
[BlackElo "2502"]
[Annotator "ChessBase"]
[PlyCount "56"]
[EventDate "2019.09.17"]
[EventType "tourn"]
[EventCountry "GEO"]
[SourceTitle "playchess.com"]
[Source "ChessBase"]
[SourceQuality "1"]
[TimeControl "900+10"]

1. d4 e6 2. c4 f5 3. g3 Nf6 4. Bg2 Be7 5. Nc3 O-O 6. Nf3 b6 7. Ne5 c6 8. O-O Bb7 9. e4 d6 10. Nd3 Nxe4 11. Nxe4 fxe4 12. Bxe4 d5 13. Bg2 Bf6 14. Nf4 Re8 15. Re1 Qd6 16. Qg4 Nd7 17. Nxe6 Nf8 18. Bf4 Qb4 19. cxd5 cxd5 20. a3 Qxb2 21. Nxg7 Bxg7 22. Be5 Re7 23. h4 Qd2 24. Re3 Ng6 25. Rae1 Rf8 26. R1e2 Qd1+ 27. Kh2 Nxe5 28. dxe5 d4 0-1

[Event "Nino Khurtsidze Memorial 2019"]
[Site "Vani"]
[Date "2019.09.18"]
[Round "9.4"]
[White "Khotenashvili, Bela"]
[Black "Javakhishvili, Lela"]
[Result "1/2-1/2"]
[ECO "A45"]
[WhiteElo "2453"]
[BlackElo "2458"]
[Annotator "ChessBase"]
[PlyCount "141"]
[EventDate "2019.09.17"]
[EventType "tourn"]
[EventCountry "GEO"]
[SourceTitle "playchess.com"]
[Source "ChessBase"]
[SourceQuality "1"]
[TimeControl "900+10"]

1. d4 Nf6 2. Bg5 Ne4 3. Bf4 d5 4. e3 c5 5. Bd3 cxd4 6. Bxe4 dxe4 7. Qxd4 Qxd4 8. exd4 Nc6 9. Ne2 Bg4 10. c3 h6 11. d5 e5 12. dxc6 exf4 13. cxb7 Rb8 14. Nxf4 Rxb7 15. h3 Bd7 16. b3 g5 17. Nh5 Be7 18. g4 O-O 19. Nd2 f5 20. gxf5 Bxf5 21. Ng3 e3 22. fxe3 Bd3 23. Nge4 Rb6 24. Nf2 Re6 25. Nxd3 Rxe3+ 26. Kd1 Rxd3 27. Kc2 Rg3 28. Rag1 Rxg1 29. Rxg1 Rf2 30. Kd3 Kg7 31. Re1 Bf6 32. a4 Rh2 33. Re3 Kg6 34. c4 h5 35. c5 Bd8 36. b4 g4 37. hxg4 hxg4 38. Re8 Bc7 39. Ne4 Rh3+ 40. Kd4 Rb3 41. b5 Rb4+ 42. Kd5 Rxa4 43. Rg8+ Kf5 44. Rf8+ Kg6 45. Rg8+ Kf5 46. Nd6+ Kf4 47. Kc6 Ba5 48. Rf8+ Kg3 49. Rf7 Be1 50. Nc8 Kh2 51. Rh7+ Kg1 52. Nxa7 g3 53. b6 g2 54. Rg7 Kh2 55. b7 Bg3 56. Rxg3 Kxg3 57. b8=Q+ Rf4 58. Qb3+ Rf3 59. Qg8+ Kh2 60. Qh8+ Rh3 61. Qe5+ Kh1 62. Qe6 Kh2 63. Qe5+ Kh1 64. Qe4 Kh2 65. Qf4+ Kh1 66. Qg4 Kh2 67. Qe2 Kh1 68. Qe4 Kh2 69. Qf4+ Kh1 70. Qe4 Kh2 71. Qf4+ 1/2-1/2